 Dungeon Crawl Stone Soup version 0.18.1-1-g2f07953 (webtiles) character file.

24 Gorice the Slasher (level 2, 0/22 HPs)
             Began as a Demonspawn Warper on May 7, 2016.
             Slain by a jackal (1 damage)
             ... on level 1 of the Dungeon.
             The game lasted 00:02:47 (919 turns).

Gorice the Slasher (Demonspawn Warper)               Turns: 919, Time: 00:02:48

Health: 0/22       AC:  3    Str: 11    XL:     2   Next: 79%
Magic:  5/5        EV: 11    Int: 14    God:
Gold:   28         SH:  0    Dex: 12    Spells: 1 memorised, 4 levels left

rFire  . . .     SeeInvis .     a - +0 falchion
rCold  . . .     Gourm    .     b - +0 leather armour
rNeg   . . .     Faith    .     (no shield)
rPois  .         Spirit   .     (no helmet)
rElec  .         Dismiss  .     (no cloak)
rCorr  .         Reflect  .     (no gloves)
SustAt .         Harm     .     (no boots)
MR     .....                    (no amulet)
Stlth  ++........               (no ring)
                                (no ring)

@: not resistant to hostile enchantments, unstealthy
A: nightstalker 1
a: no special abilities


You were on level 1 of the Dungeon.
You were not hungry.

You visited 1 branch of the dungeon, and saw 2 of its levels.

You collected 28 gold pieces.

Inventory:

Hand Weapons
 a - a +0 falchion (weapon)
Missiles
 e - 5 tomahawks of dispersal (quivered)
Armour
 b - a +0 leather armour (worn)
Scrolls
 g - a scroll of fear {unknown}
Books
 c - a book of Spatial Translocations
Comestibles
 d - a chunk of flesh
 f - a bread ration {!e}
 h - a meat ration {!e}


   Skills:
 - Level 2.0 Fighting
 * Level 3.1 Long Blades
 - Level 0.8 Throwing
 - Level 0.8 Armour
 - Level 1.7 Dodging
 - Level 2.0 Spellcasting
 - Level 2.6 Translocations


You had 4 spell levels left.
You knew the following spells:

 Your Spells              Type           Power        Failure   Level  Hunger
A - Apportation           Tloc           #.........   12%         1    ##.....


Dungeon Overview and Level Annotations

Branches:
Dungeon (2/15)

Altars:


Innate Abilities, Weirdness & Mutations

You are slightly more attuned to the shadows.


Message History

Your Long Blades skill increases to level 3!
You barely miss the kobold. The kobold barely misses you.
The jackal barks!
You hit the kobold.
The kobold is severely wounded.
The jackal completely misses you. The kobold hits you.
* * * LOW HITPOINT WARNING * * *
Damage: 3 (max 4)
You closely miss the kobold.
The kobold is severely wounded.
The jackal bites you but does no damage.
The kobold barely misses you.
The jackal bites you but does no damage.
You closely miss the kobold.
The kobold is severely wounded.
The jackal barely misses you. The kobold hits you but does no damage.
You hit the kobold.
You kill the kobold!
The jackal barely misses you. The jackal misses you. The jackal bites you.
* * * LOW HITPOINT WARNING * * *
The jackal misses you.
Damage: 1 (max 4)
You closely miss the jackal. The jackal bites you.
* * * LOW HITPOINT WARNING * * *
The jackal misses you.
Damage: 1 (max 4)
The jackal bites you but does no damage.
Things that are here:
12 gold pieces; a club; a kobold corpse You hit the jackal.
The jackal is moderately wounded.
The jackal barely misses you.
You slash the jackal!
You kill the jackal!
The jackal misses you.
You closely miss the jackal.
The jackal bites you but does no damage.
You hit the jackal but do no damage. The jackal bites you.
* * * LOW HITPOINT WARNING * * *
The jackal bites you.
* * * LOW HITPOINT WARNING * * *
Damage: 3 (max 4)
You miss the jackal. The jackal bites you.
* * * LOW HITPOINT WARNING * * *
You hit the jackal.
The jackal is almost dead.
The jackal bites you.
* * * LOW HITPOINT WARNING * * *
The jackal bites you.
You die...

.... #......#.....
....###...##.#.....
....#.....##.......
?.........#............ ##
...(...........>...# ###.
........#.....#.###.###...
.......#.....#.# ###.....
.......#.#...#.###.......
.......@#######......##.
#.##.#.#h..'.......####.
##.##.#.....'.....### #.
#####...(...s...'.......####.
##.............######......##.
####.....#.............###.......
......gK##.......###..#..###.....
...##...##...##### ...# ###...
...##.......## .... ###.


You could see a jackal.

Vanquished Creatures
  A dart slug (D:1)
  A giant gecko (D:2)
  3 goblins
  3 hobgoblins
  6 jackals
  2 kobolds
  2 rats
18 creatures vanquished.

Notes
Turn   | Place    | Note
--------------------------------------------------------------
     0 | D:1      | Gorice the Demonspawn Warper began the quest for the Orb.
     0 | D:1      | Reached XP level 1. HP: 16/16 MP: 3/3
    52 | D:1      | Reached skill level 2 in Long Blades
   321 | D:2      | Gained mutation: You are slightly more attuned to the shadows. [demonic ancestry]
   321 | D:2      | Reached XP level 2. HP: 15/22 MP: 5/5
   476 | D:2      | HP: 6/22 [hobgoblin (1)]
   906 | D:1      | Reached skill level 3 in Long Blades
   912 | D:1      | HP: 6/22 [jackal (1)]
   917 | D:1      | HP: 4/22 [jackal (2)]
   919 | D:1      | HP: 1/22 [jackal (2)]
   919 | D:1      | Slain by a jackal

Skill      XL: |  1  2 |
---------------+-------+-----
Long Blades    | 2 3 |  3.1
Fighting       | |  2.0
Throwing       | |  0.8
Armour         | |  0.8
Dodging        | |  1.7
Spellcasting   | |  2.0
Translocations | |  2.6

Action                   || total
-------------------------++-------
Melee: Falchion          ||    76
  Use: Scroll            ||     1
Armor: Leather armour    ||    27
Dodge: Dodged            ||    60

Table legend:
 A = Turns spent in this place as a percentage of turns spent in the entire game.
 B = Non-inter-level travel turns spent in this place as a percentage of non-inter-level travel turns spent in the entire game.
 C = Inter-level travel turns spent in this place as a percentage of turns spent in this place.
 D = Turns resting spent in this place as a percentage of non-inter-level travel turns spent in this place.
 E = Turns spent auto-exploring this place as a percentage of non-inter-level travel turns spent in this place.
 F = Non-inter-level travel turns spent in this place divided by the number of levels of this place that you've seen.
                   A       B       C       D       E      F
               +-------+-------+-------+-------+-------+----------------------
         Total | 100.0 | 100.0 |   0.0 |   7.1 |   3.3 | 120.5
       Dungeon | 100.0 | 100.0 |   0.0 |   7.1 |   3.3 | 120.5
               +-------+-------+-------+-------+-------+----------------------

Vault maps used:
D:1:      lemuel_arrival_funnel
